 Dungeon Crawl Stone Soup version 0.30.0-3-ga4e48a9924 (webtiles) character file.

Game seed: 16819787278360458872

158 NinjaNoafa the Sneak (level 5, 0/29 HPs)
             Began as a Kobold Air Elementalist on May 8, 2023.
             Killed by their own static electricity (3 damage)
             ... on level 4 of the Dungeon.
             The game lasted 00:10:24 (2684 turns).

NinjaNoafa the Sneak (Kobold Air Elementalist)      Turns: 2684, Time: 00:10:25

Health: 0/29       AC:  8    Str:  5    XL:     5   Next: 66%
Magic:  2/9        EV: 15    Int: 19    God:
Gold:   122        SH:  0    Dex: 15    Spells: 3/9 levels left

rFire   . . .        a - staff of conjuration
rCold   . . .        (shield currently unavailable)
rNeg    . . .        g - +0 robe
rPois   .            c - +1 helmet
rElec   .            (no cloak)
rCorr   .            s - +2 pair of gloves
SInv    .            e - +0 pair of boots
Will    .....        (no amulet)
Stlth   ++++         t - ring of flight
HPRegen 0.24/turn    (no ring)
MPRegen 0.11/turn

%: no passive effects
@: flying
A: small, no large weapons, nightstalker 3
a: no special abilities


You were on level 4 of the Dungeon.
You visited 1 branch of the dungeon, and saw 4 of its levels.

You collected 122 gold pieces.

Inventory:

Hand Weapons
 b - a +0 short sword
Armour
 c - a +1 helmet (worn)
 e - a +0 pair of boots (worn)
 g - a +0 robe (worn)
 s - a +2 pair of gloves (worn)
Magical Staves
 a - a staff of conjuration (weapon)
Jewellery
 t - a ring of flight (left hand)
Scrolls
 d - 2 scrolls of enchant weapon {unknown}
 f - a scroll of noise {unknown}
 i - 7 scrolls of teleportation {unknown}
 k - a scroll of vulnerability {unknown}
 l - a scroll of fear {unknown}
 m - a scroll of poison {unknown}
 o - 5 scrolls of identify {unknown}
 p - a scroll of magic mapping {unknown}
Potions
 h - 2 potions of brilliance {unknown}
 j - a potion of might {unknown}
 n - a potion of haste {unknown}
 q - a potion of berserk rage {unknown}
 r - 2 potions of degeneration {unknown}
 u - 2 potions of curing {unknown}
 v - a potion of cancellation {unknown}


   Skills:
 - Level 1.0 Fighting
 - Level 2.4 Dodging
 - Level 5.0 Stealth
 + Level 2.9 Spellcasting
 + Level 2.4 Conjurations
 + Level 3.8 Air Magic


You had 3 spell levels left.
You knew the following spells:

 Your Spells              Type           Power      Damage    Failure   Level
a - Shock                 Conj/Air       88%        1d8       4%          1
b - Static Discharge      Conj/Air       44%        2-4/arc   6%          2
c - Swiftness             Air            17%        N/A       10%         3

Your spell library contained the following spells:

 Spells                   Type           Power      Damage    Failure   Level
 Airstrike                Air            8%         2d(2-18)  30%         4


Dungeon Overview and Level Annotations

Branches:
Dungeon (4/15) Zot: 21320
 Temple: D:4-7

Altars:


Innate Abilities, Weirdness & Mutations

You are small and have problems with some larger weapons.
You are completely attuned to the shadows.


Message History

You feel a surge of power!
The zap hits the wyvern.
The wyvern is lightly wounded.
The zap hits the wyvern but does no damage.
The wyvern is lightly wounded.
The wyvern closely misses you.
Aiming: Shock (safe; 4% risk of failure)
Press: ? - help, Q - select action, (/) - cycle Shift-Dir - straight line You feel a surge of power!
The zap hits the wyvern!
The wyvern is moderately wounded.
The zap hits the wyvern.
The wyvern is severely wounded.
The wyvern barely misses you. The wyvern bites you.
Aiming: Shock (safe; 4% risk of failure)
Press: ? - help, Q - select action, (/) - cycle Shift-Dir - straight line You feel a surge of power!
The zap hits the wyvern but does no damage.
The wyvern is heavily wounded.
The zap hits the wyvern.
The wyvern is severely wounded.
The wyvern barely misses you.
Aiming: Shock (safe; 4% risk of failure)
Press: ? - help, Q - select action, (/) - cycle Shift-Dir - straight line You feel a surge of power!
The zap hits the wyvern.
The wyvern is severely wounded.
The zap hits the wyvern.
The wyvern is severely wounded.
The wyvern barely misses you. The wyvern bites you!
Aiming: Shock (safe; 4% risk of failure)
Press: ? - help, Q - select action, (/) - cycle Shift-Dir - straight line You feel a surge of power!
The zap misses the wyvern.
The zap hits the wyvern.
The wyvern is almost dead.
The wyvern bites you!
* * * LOW HITPOINT WARNING * * *
Casting: Shock (safe; 4% risk of failure)
Confirm with . or Enter, or press ? or * to list all spells.
You feel a surge of power!
The wyvern is struck by an arc of lightning.
The wyvern is almost dead.
You are struck by an arc of lightning.
You die...

###############
#.......##.>.......
###.......##.#######.
... ..##.##.# #.
#.##.......# #.
#.@..##.##.# #.
#l##.##.##.# #.
#.......##.# #.
........##.# #.
.#.####### #.


You could see a wyvern.

Vanquished Creatures
  A black bear (D:4)
  An adder (D:4)
  2 worms (D:3)
  A dart slug (D:4)
  2 orcs (D:3)
  8 endoplasms
  2 giant cockroaches
  A goblin (D:3)
  8 hobgoblins
  5 quokkas
  3 ball pythons
  3 bats
  3 kobolds
  3 rats
43 creatures vanquished.

Notes
Turn   | Place    | Note
-------+----------+-------------------------------------------
     0 | D:1      | NinjaNoafa the Kobold Air Elementalist began the quest for
                  | the Orb.
     0 | D:1      | Reached XP level 1. HP: 10/10 MP: 3/3
   311 | D:1      | Reached XP level 2. HP: 15/15 MP: 1/5
   462 | D:1      | Learned a level 2 spell: Static Discharge
   604 | D:1      | Found a faded altar of an unknown god.
  1309 | D:2      | Reached skill level 3 in Stealth
  1371 | D:2      | Reached XP level 3. HP: 19/19 MP: 3/6
  2132 | D:3      | Reached XP level 4. HP: 24/24 MP: 4/7
  2169 | D:3      | Reached skill level 4 in Stealth
  2565 | D:4      | Noticed a black bear
  2571 | D:4      | Learned a level 3 spell: Swiftness
  2590 | D:4      | Killed a black bear
  2591 | D:4      | Reached skill level 5 in Stealth
  2591 | D:4      | Reached skill level 1 in Fighting
  2591 | D:4      | Reached XP level 5. HP: 4/29 MP: 6/9
  2674 | D:4      | Noticed a wyvern
  2684 | D:4      | Killed from afar by themself

Illustrated notes

Levels and vault maps discovered:
D:1:      heliophobic_arrival_enchanted_forest, layout_basic,
          hellmonk_ecumenical_altar_run_dry
D:2:      layout_basic
D:3:      layout_basic, grunt_decor_cap, minivault_19
D:4:      layout_loops_cross, serial_shops, shop, minivault_23

Skill      XL: |  1  2  3  4 |
---------------+-------------+-----
Stealth        | 3 5 |  5.0
Fighting       | 1 |  1.0
Conjurations   | 2 |  2.4
Dodging        | |  2.4
Spellcasting   | |  2.9
Air Magic      | |  3.8

Action                     |  1- 3 |  4- 6 || total
---------------------------+-------+-------++-------
  Melee: Unarmed           |     4 |       ||     4
         Short sword       |     6 |     1 ||     7
         Dagger            |     9 |     1 ||    10
         Staff             |     3 |     3 ||     6
   Cast: Shock             |    55 |    21 ||    76
         Static Discharge  |       |     2 ||     2
    Use: Potion            |       |     1 ||     1
   Stab: Sleeping          |     8 |     1 ||     9
 Armour: Robe              |    11 |    16 ||    27
  Dodge: Dodged            |    44 |    31 ||    75
